Bruce, lawful male human Monk ----- |...| |.`.+ ##....| # |...| ### ----- #`##### ### # ### # # # # # - ------------# |.......D@...-# +.......$.q..| -------------- Bruce the Initiate Experience level: 7 Strength: 15 Dexterity: 13 Constitution: 15 Intelligence: 10 Wisdom: 17 Charisma: 9 Health: 0(59) Energy: 37(46) Def: 10 Gold: 808 Moves: 4494 Dungeon seed: rjD79V_4NrJhobND Game ID: Bruce_1655482147 Your Inventory: Coins $ - 808 gold pieces Weapons u - 10 +0 darts w - 6 blessed +1 darts (in quiver) L - a +0 dagger Armor e - an uncursed burnt +2 pair of leather gloves (being worn) n - an uncursed +1 robe (being worn) q - a blessed +2 orcish helm (being worn) O - an uncursed +0 pair of iron shoes (being worn) Comestibles d - 3 uncursed food rations f - 6 uncursed apples g - 6 uncursed oranges h - 4 uncursed fortune cookies t - an uncursed tripe ration P - 3 uncursed carrots Scrolls b - a blessed scroll of food detection l - a blessed scroll of earth named Earth m - an uncursed scroll of earth o - an uncursed scroll of identify U - an uncursed scroll of create monster Spellbooks a - a blessed spellbook of healing Rings i - a cursed -2 ring of protection Wands j - a wand of polymorph (0:6) r - a wand of sleep named sleep/death (0:2) C - a wand of striking (0:0) Y - a wand of striking (0:0) Tools k - an uncursed skeleton key F - a bag of tricks (0:5) G - an uncursed tallow candle (0:200) Z - an uncursed bag of holding Gems K - an uncursed worthless piece of red glass N - an uncursed luckstone Contents of the bag of holding: a cursed potion of gain level an uncursed potion of restore ability an uncursed potion of sickness 4 uncursed tallow candles (0:200) an uncursed agate stone an uncursed worthless piece of yellow glass Spells and supernatural/magical abilities: Name Level Category Fail Memory h - healing 1 healing 0% 78% W - pray for help -- divine ? -- Your skills at the end: Fighting Skills martial arts [Expert] Weapon Skills Spellcasting Skills healing spells [Basic] Final Attributes: You were piously aligned. You were sleep resistant. You were poison resistant. You saw invisible. You were warned. You were stealthy. You were fast. You were lucky. You had extra luck. Bad luck did not time out for you. Good luck did not time out for you. You are dead. Vanquished creatures: 2 winter wolves a small mimic 3 wolves 2 winter wolf cubs an orc-captain a gnome king a werewolf a dwarf lord a snake a wood nymph 3 Uruk-hai a rock piercer 2 rock moles 2 fog clouds 2 yellow lights 5 gnome lords 5 gnomish wizards a red naga hatchling 3 elf zombies a ghoul a baby crocodile a floating eye a kitten 2 dwarves a kobold lord a kobold shaman 7 hill orcs 4 rothes 5 monkeys 3 orc zombies a dwarf zombie a wererat a werejackal an iguana a gas spore 2 large kobolds a hobgoblin a yellow mold 2 red molds 31 gnomes a garter snake a gnome zombie 2 geckos a jackal a kobold a goblin 5 sewer rats a grid bug 4 bats 2 lichens a kobold zombie 7 newts 134 creatures vanquished. Voluntary challenges: You were vegetarian. You had followed a strict vegan diet until turn 3574. You never hit with a wielded weapon. You read items or engraved 19 times, starting on turn 1252. You never genocided any monsters. You never polymorphed an object. You never changed form. You used no wishes. You never split a pudding. You wrote Elbereth's name 7 times, starting on turn 3625. You never violated your personal moral code. Dungeon overview: The Dungeons of Doom: levels 1 to 7 Level 1 some fountains a long staircase Level 2 Level 3 an armor shop Level 4 a fountain stairs to The Gnomish Mines Level 5 many fountains Level 6 an altar to Shan Lai Ching stairs to Sokoban Level 7 <- You were here a fountain The Gnomish Mines: levels 5 to 8 Level 5 stairs to The Dungeons of Doom Level 6 Level 7 (Potion of water) many shops, a temple to Chih Sung-tzu, some fountains, a sink Level 8 Sokoban: Level 5 stairs to The Dungeons of Doom History has recorded: On T:1 you entered the Dungeons of Doom to retrieve the Amulet of Yendor! On T:293 you reached level 2 of The Dungeons of Doom. On T:339 you reached level 3 of The Dungeons of Doom. On T:703 you advanced to experience level 2. On T:892 you reached level 4 of The Dungeons of Doom. On T:1113 you reached level 1 of The Gnomish Mines. On T:1232 you reached level 5 of The Dungeons of Doom. On T:1268 you advanced to experience level 3. On T:1571 you reached level 6 of The Dungeons of Doom. On T:1612 you advanced to experience level 4. On T:1786 you reached level 4 of Sokoban. On T:2018 you reached level 4 of The Gnomish Mines. On T:2044 you advanced to experience level 5. On T:2376 you reached level 3 of The Gnomish Mines. On T:2465 you reached level 2 of The Gnomish Mines. On T:2488 you advanced to experience level 6. On T:3477 you advanced to experience level 7. On T:4464 you reached level 7 of The Dungeons of Doom. Score breakdown: Gold: 808 ( 9891 points) Experience: 7 levels (13645 points) Exploration: 8 levels ( 16.67%) (11577 points) Discoveries: 9 items ( 3.21%) ( 5378 points) Valuables value: (no points given unless you survive) Artifact value: 0 ( 0 points) Variety of kills: 52 monsters ( 13.65%) (11083 points) Turncount: 4494 turns (-1196 points) Survival: died (score multiplied by 80%) Total score: 40302 Latest messages: The red dragon breathes fire! The blast of fire whizzes by you! Please move the cursor to an unknown object. Never mind. The red dragon breathes fire! The blast of fire hits you! Your gloves smoulder! The red dragon bites! The red dragon hits! (2x) You hit the red dragon! (3x) The red dragon bites! The red dragon hits! (2x) You feel better. The red dragon bites! The red dragon hits! You die... Final status: Goodbye Bruce the Monk, killed by a red dragon... You died in The Dungeons of Doom on dungeon level 7 with 40302 points, and 808 pieces of gold, after 4494 moves. You were level 7 with a maximum of 59 hit points when you died.